 Dungeon Crawl Stone Soup version 0.31-a0-152-g6aa68a64a1 (webtiles) character file.

Game seed: 15063563684527790990

56 qw the Shooter (level 3, -2/31 HPs)
             Began as a Minotaur Hunter on June 9, 2023.
             Slain by a hobgoblin (3 damage)
             ... on level 2 of the Dungeon.
             The game lasted 00:00:22 (933 turns).

qw the Shooter (Minotaur Hunter)                     Turns: 933, Time: 00:00:23

Health: -2/31      AC:  3    Str: 15    XL:     3   Next: 69%
Magic:  2/2        EV: 12    Int:  6    God:
Gold:   47         SH:  0    Dex: 15    Spells: 2/2 levels left

rFire   . . .        Y - +0 shortbow
rCold   . . .        (shield currently unavailable)
rNeg    . . .        c - +0 leather armour
rPois   .            (helmet restricted)
rElec   .            (no cloak)
rCorr   .            (no gloves)
SInv    .            (no boots)
Will    .....        (no amulet)
Stlth   +            (no ring)
HPRegen 0.25/turn    (no ring)
MPRegen 0.08/turn

%: no passive effects
@: no status effects
A: horns 2, retaliatory headbutt
a: no special abilities


You were on level 2 of the Dungeon.
You visited 1 branch of the dungeon, and saw 2 of its levels.

You collected 47 gold pieces.


Innate Abilities, Weirdness & Mutations

You have a pair of horns on your head.
You reflexively headbutt those who attack you in melee.


   Skills:
 - Level 3.0 Fighting
 + Level 5.7 Ranged Weapons
 - Level 2.1 Dodging
 - Level 0.7 Stealth


You had 2 spell levels left.
You didn't know any spells.
Your spell library was empty.

Inventory:

Hand Weapons
 Y - a +0 shortbow (weapon)
Armour
 c - a +0 leather armour (worn)
Scrolls
 b - a scroll of blinking {unknown}
Potions
 a - a potion of heal wounds {unknown}
 d - a potion of curing {unknown}

Dungeon Overview and Level Annotations

Branches:
Dungeon (2/15)

Altars:


Message History

You shoot an arrow. The arrow barely misses the bat.
The bat hits you but does no damage.
You shoot an arrow. The arrow hits the bat.
You kill the bat!
Found a stone staircase leading down.
Enter note: A hobgoblin, a worm and a ball python come into view.
Found a scroll labelled JUNOIBI ECEDDU and a white potion.
The hobgoblin shouts!
The ball python hisses angrily.
Enter note: You shoot an arrow.
The arrow hits the ball python!
You kill the ball python!
You shoot an arrow. The arrow barely misses the worm.
You shoot an arrow. The arrow hits the worm.
The worm is moderately wounded.
The hobgoblin hits you.
You shoot an arrow. The arrow barely misses the worm.
The hobgoblin hits you but does no damage.
The worm misses you.
You shoot an arrow. The arrow hits the worm.
The worm is moderately wounded.
The hobgoblin barely misses you. The worm bites you.
You shoot an arrow. The arrow hits the worm.
The worm is heavily wounded.
The hobgoblin misses you. The hobgoblin hits you. The worm bites you!
You shoot an arrow. The arrow hits the worm.
The worm is heavily wounded.
The hobgoblin hits you but does no damage.
You shoot an arrow. The arrow hits the worm!
The worm is almost dead.
The worm bites you.
The hobgoblin hits you but does no damage.
You shoot an arrow.
The arrow hits the worm but does no damage.
The worm is severely wounded.
The hobgoblin barely misses you. The worm bites you!
You shoot an arrow. The arrow hits the worm.
The worm is severely wounded.
The hobgoblin hits you.
You die...

!. ... ..##..# ....... .......
....... #.# ......?##########
#.# ......g#........# #.#
...>..w@#######.# #.# #.#
.........# #.# #.# #..
........## #.###.#
#####.###..##..# #.##..#
....#.##...#### #####.....#
....#.##...# ######......##.#
...........# #......###.###.#
...........####.....## #.###.#
...........%.##.....####.#.#.#


You could see a worm and a hobgoblin.

Vanquished Creatures
  An adder (D:2)
  A gnoll (D:1)
  A dart slug (D:2)
  6 ball pythons
  2 bats
  An endoplasm (D:2)
  4 goblins (D:1)
  4 hobgoblins (D:1)
  6 kobolds
  2 quokkas
  2 frilled lizards (D:1)
  3 rats (D:1)
33 creatures vanquished.

Notes
Turn   | Place    | Note
-------+----------+-------------------------------------------
     0 | D:1      | qw the Minotaur Hunter began the quest for the Orb.
     0 | D:1      | Reached XP level 1. HP: 18/18 MP: 0/0
     0 | D:1      | 0 ||| qw: Version: 0.2-a-121-gba3a3e5
     0 | D:1      | 0 ||| qw: Game counter: 3195
     0 | D:1      | 0 ||| qw: Always use a shield: true
     0 | D:1      | 0 ||| qw: God list: Okawaru
     0 | D:1      | 0 ||| qw: Allow faded altars: false
     0 | D:1      | 0 ||| qw: Do Orc after D:15 true
     0 | D:1      | 0 ||| qw: Do second Lair branch before Depths: true
     0 | D:1      | 0 ||| qw: Lair rune preference: random
     0 | D:1      | 0 ||| qw: Plans: Normal
     0 | D:1      | 0 ||| PLANNING D:1-11
   140 | D:1      | Reached XP level 2. HP: 25/25 MP: 1/1
   145 | D:1      | Reached skill level 5 in Ranged Weapons
   394 | D:1      | Reached skill level 3 in Fighting
   445 | D:1      | Reached XP level 3. HP: 25/31 MP: 2/2
   672 | D:1      | 672 ||| READING scroll labelled PAKIRIN NITE.
   673 | D:1      | 673 ||| READING scroll labelled VOCSYGIKKO.
   674 | D:1      | 674 ||| DROPPING scroll of butterflies.
   932 | D:2      | HP: 1/31 [worm (9)]
   933 | D:2      | Slain by a hobgoblin

Levels and vault maps discovered:
D:1:      dpeg_arrival_arbitrary_b, layout_loops_ring, minmay_tetromino_t4
D:2:      layout_basic, serial_curves, eino_curves_04, eino_curves_04,
          st_stairs_5

Skill      XL: |  1  2 |
---------------+-------+-----
Ranged Weapons | 5 |  5.7
Fighting       | 3 |  3.0
Dodging        | |  2.1
Stealth        | |  0.7

Action                     || total
---------------------------++-------
   Fire: Shortbow          ||   104
    Use: Scroll            ||     2
 Armour: Leather armour    ||    12
  Dodge: Dodged            ||    37

Table legend:
 A = Non-vault XP
 B = Vault XP
 C = Vault XP percentage of total XP
 D = Non-vault monster count
 E = Vault monster count
 F = Vault count percentage of total count
                 A         B        C        D         E       F
            +---------+---------+-------+---------+---------+-------
      Total |      72 |       8 |  10.0 |      29 |       4 |  12.1
            +---------+---------+-------+---------+---------+-------
        D:1 |      48 |       6 |  11.1 |      23 |       3 |  11.5
        D:2 |      24 |       2 |   7.7 |       6 |       1 |  14.3
            +---------+---------+-------+---------+---------+-------
